 Dungeon Crawl Stone Soup version 0.19-a0-1834-g6b7851e (webtiles) character file.

1261 KarmaPolice the Slasher (level 8, -2/61 HPs)
             Began as a Vampire Gladiator on Oct 8, 2016.
             Was an Initiate of Qazlal.
             Killed by divine providence
             ... invoked by an orc priest
              (13 damage)
             ... on level 5 of the Dungeon.
             The game lasted 00:16:18 (10818 turns).

KarmaPolice the Slasher (Vampire Gladiator)        Turns: 10818, Time: 00:16:19

Health: -2/61      AC:  5    Str: 15    XL:     8   Next: 27%
Magic:  10/10      EV: 14    Int: 11    God:    Qazlal [......]
Gold:   274        SH:  0    Dex: 15    Spells: 0 memorised, 7 levels left

rFire  . . .     SeeInvis +     a - +0 long sword
rCold  + . .     Gourm    .     b - +0 leather armour
rNeg   + + .     Faith    .     (no shield)
rPois  +         Spirit   .     c - +0 helmet
rElec  .         Dismiss  .     (no cloak)
rCorr  .         Reflect  .     p - +0 pair of gloves
MR     .....     Harm     .     (no boots)
Stlth  ++........               (no amulet)
                                (no ring)
                                (no ring)

@: regenerating slowly
A: fangs 3, see invisible, unbreathing
a: Bat Form, Renounce Religion


You were on level 5 of the Dungeon.
You worshipped Qazlal.
Qazlal was noncommittal.
You were near bloodless.

You visited 2 branches of the dungeon, and saw 7 of its levels.

You collected 274 gold pieces.

Inventory:

Hand Weapons
 a - a +0 long sword (weapon)
Missiles
 d - 3 throwing nets (quivered)
Armour
 b - a +0 leather armour (worn)
 c - a +0 helmet (worn)
 p - a +0 pair of gloves (worn)
Jewellery
 o - an uncursed amulet of rage {unknown}
 w - an uncursed amulet of rage {unknown}
 B - an uncursed ring of fire {unknown}
 G - an uncursed ring of protection from cold {unknown}
Wands
 s - a wand of polymorph (18/24)
 y - a wand of disintegration (15/24)
 C - a wand of iceblast (5/15)
 H - a wand of lightning (8/15)
Scrolls
 f - 3 scrolls of identify {unknown}
 k - 3 scrolls of recharging {unknown}
 l - 5 scrolls of remove curse {unknown}
 q - 3 scrolls of enchant weapon {unknown}
 t - 3 scrolls of amnesia {unknown}
 x - 2 scrolls of teleportation {unknown}
 A - a scroll of blinking {unknown}
 D - a scroll of fear {unknown}
 F - 3 scrolls of random uselessness {unknown}
Potions
 e - 2 potions of blood
 g - 2 potions of brilliance {unknown}
 h - 3 potions of lignification {unknown}
 i - a potion of invisibility {unknown}
 j - 3 potions of curing {unknown}
 m - 2 potions of magic {unknown}
 n - 2 potions of haste {unknown}
 r - a potion of mutation {unknown}
 u - a potion of might {unknown}
 v - a potion of heal wounds
 z - a potion of berserk rage {unknown}
 E - a potion of flight {unknown}


   Skills:
 + Level 4.8 Fighting
 + Level 5.6 Long Blades
 - Level 1.5 Throwing
 + Level 4.1 Armour
 - Level 5.1 Dodging
 + Level 2.7 Invocations


You had 7 spell levels left.
You didn't know any spells.

Dungeon Overview and Level Annotations

Branches:
Dungeon (6/15)             Temple (1/1) D:5

Altars:
Dithmenos
Qazlal
Ru
Trog
Vehumet
Xom
Zin
The Shining One


Innate Abilities, Weirdness & Mutations

You heal slowly.
You have razor-sharp teeth.
You have supernaturally acute eyesight. (SInv)
You can survive without breathing.


Message History

The orc priest hits you with a whip.
You completely miss the orc priest.
The orc priest is heavily wounded.
The orc priest calls down the wrath of Beogh upon you.
Beogh smites you!
* * * LOW HITPOINT WARNING * * *
You are too injured to fight recklessly!
You are too injured to fight recklessly!
You are too injured to fight recklessly!
You closely miss the orc priest.
The orc priest is heavily wounded.
The orc priest closely misses you.
You hit the orc priest.
The orc priest is severely wounded.
The orc priest closely misses you.
You hit the orc priest.
The orc priest is almost dead.
The orc priest invokes the aid of Beogh against you.
Beogh smites you!
You die...

..........####.##
......###.###.##
....### #.##..#
....# #<...##
....######...#
##.....###...####
##..##......###.#
##...##..###...[##
.#....#..#
#.###@####
........####.#
##o#.#
.###.....##[.# ##.#
####.###.....###
#.# .....#
##......#####
##...####.#..##...#
###..........######
##..........## ##.#
......#.....# ##.##


You could see an orc priest.

Vanquished Creatures
  An ice beast (D:6)
  An ogre (D:5)
  5 wights
  A howler monkey (D:4)
  A bullfrog zombie (D:5)
  A hound (D:4)
  2 centaur skeletons
  2 orc priests
  4 orc wizards
  2 bullfrog skeletons (D:4)
  3 iguanas
  4 worker ants
  Natasha (twice) (D:2)
  4 gnolls
  8 adders
  A howler monkey skeleton (D:4)
  An ooze (D:2)
  An adder skeleton (D:4)
  3 worms
  2 dart slugs
  A leopard gecko (D:5)
  26 orcs
  2 giant cockroaches
  6 goblins
  5 hobgoblins
  4 jackals (D:2)
  5 kobolds
  2 quokkas
  A ball python (D:5)
  7 bats
  3 frilled lizards (D:2)
  A jackal zombie (D:5)
  A quokka skeleton (D:5)
  42 rats
155 creatures vanquished.

Notes
Turn   | Place    | Note
-------+----------+-------------------------------------------
     0 | D:1      | KarmaPolice the Vampire Gladiator began the quest for the Orb.
     0 | D:1      | Reached XP level 1. HP: 16/16 MP: 1/1
   345 | D:1      | Reached XP level 2. HP: 19/22 MP: 2/2
   888 | D:2      | Reached XP level 3. HP: 12/27 MP: 3/3
  1258 | D:2      | Reached skill level 1 in Armour
  1902 | D:2      | Reached XP level 4. HP: 31/34 MP: 4/4
  2039 | D:2      | Noticed Natasha
  2390 | D:2      | Killed Natasha
  2847 | D:2      | Noticed Natasha
  2855 | D:2      | Killed Natasha
  2855 | D:2      | Reached XP level 5. HP: 15/40 MP: 5/5
  4677 | D:4      | Reached XP level 6. HP: 47/47 MP: 6/6
  5502 | D:4      | Reached skill level 5 in Dodging
  5561 | D:4      | Found a glowing silver altar of Zin.
  6087 | D:4      | Reached XP level 7. HP: 46/53 MP: 7/7
  6171 | D:5      | Entered Level 5 of the Dungeon
  6179 | D:5      | Found a bloodstained altar of Trog.
  6187 | D:5      | Found a shimmering altar of Xom.
  6239 | D:5      | Found a staircase to the Ecumenical Temple.
  6268 | Temple   | Entered the Ecumenical Temple
  6272 | Temple   | Became a worshipper of Qazlal Stormbringer
  6804 | D:5      | Reached skill level 1 in Invocations
  8303 | D:5      | Reached skill level 5 in Long Blades
  9353 | D:6      | Reached XP level 8. HP: 42/61 MP: 9/9
  9770 | D:6      | Found a glowing golden altar of the Shining One.
 10818 | D:5      | Killed from afar by an orc priest

Vault maps used:
D:1:      dpeg_arrival_pits, kennysheep_decorative_pillar
D:2:      minmay_rats_cheesy_pizza, uniq_natasha
D:3:      first_bread
D:4:      zin_academy, roderic_serpentine_path
D:5:      lemuel_crystal_altar, bloody_trog, kennysheep_generic_room_10
D:6:      dancing_weapons_uskayaw, kennysheep_mini
Temple:   pf_slimified_temple

Skill      XL: |  1  2  3  4  5  6  7  8 |
---------------+-------------------------+-----
Fighting       | 2 3 4 |  4.8
Armour         | 1 2 3 4 |  4.1
Dodging        | 4 5 |  5.1
Long Blades    | 4 5 |  5.6
Invocations    | 2 |  2.7
Throwing       | |  1.5

Action                   |  1- 3 |  4- 6 |  7- 9 || total
-------------------------+-------+-------+-------++-------
Melee: Long sword        |   108 |   225 |   190 ||   523
       Bite              |    14 |    23 |    23 ||    60
       Unarmed           |       |     1 |       ||     1
 Abil: End Transformatio |       |     2 |     4 ||     6
       Bat Form          |       |     2 |     4 ||     6
  Use: Potion            |     1 |     4 |     7 ||    12
 Stab: Sleeping          |     4 |     3 |     3 ||    10
       Distracted        |       |       |     1 ||     1
  Eat: Corpse            |       |     6 |     2 ||     8
Armor: Leather armour    |    30 |    44 |    30 ||   104
Dodge: Dodged            |    73 |   170 |   127 ||   370
       Rpst.: Long sword |    19 |    60 |    37 ||   116
